 Dungeon Crawl Stone Soup version 0.20.1-1-g8b1a95d (webtiles) character file.

2254 Lorak the Gouger (level 9, -10/39 HPs)
             Began as a Felid Monk on Oct 14, 2017.
             Was a Believer of Ashenzari.
             Mangled by a two-headed ogre
             ... wielding a +0 dire flail
              (29 damage)
             ... on level 9 of the Dungeon on Oct 15, 2017.
             The game lasted 01:20:05 (9299 turns).

Lorak the Gouger (Felid Monk)                       Turns: 9299, Time: 01:20:05

Health: -10/39     AC:  2    Str:  8    XL:     9   Next: 15%
Magic:  23/23      EV: 28    Int: 13    God:    Ashenzari [**....]
Gold:   539        SH:  0    Dex: 20    Spells: 1/13 levels left
                                        Lives:  0   Deaths: 3

rFire    . . .     SeeInvis +     - Unarmed
rCold    . . .     Gourm    .   (shield unavailable)
rNeg     . . .     Faith    .   (armour unavailable)
rPois    .         Spirit   .   (helmet unavailable)
rElec    .         Reflect  .   (cloak unavailable)
rCorr    .         Harm     .   (gloves unavailable)
MR       +....                  (boots unavailable)
Stlth    +++++.....             c - amulet of regeneration (curse)
Regen    0.6/turn               b - ring of magical power
MPRegen  0.2/turn               p - +1 ring of evasion

@: quick
A: no armour, no weapons or thrown items, stealth, claws 1, fangs 3, see
invisible, carnivore 3, speed 1, shaggy fur 2, slow metabolism 1, sharp paws
a: Curse Item, Scrying, Renounce Religion


You were on level 9 of the Dungeon.
You worshipped Ashenzari.
Ashenzari was pleased with you.
You were completely stuffed.

You visited 2 branches of the dungeon, and saw 10 of its levels.

You collected 539 gold pieces.

Inventory:

Jewellery
 b - a ring of magical power (left paw)
 c - a cursed amulet of regeneration (around neck)
 e - an uncursed ring of magical power
 g - an uncursed ring of resist corrosion
 p - a +1 ring of evasion (right paw)
Wands
 m - a wand of iceblast (0/15)
 s - a wand of confusion (17/48)
 u - a wand of flame (11/48)
Scrolls
 f - a scroll of immolation {unknown}
 h - a scroll of teleportation
 i - 2 scrolls of magic mapping
 j - 2 scrolls of amnesia
 l - a scroll of vulnerability
Potions
 k - 2 potions of magic
 q - a potion of cancellation
 v - a potion of degeneration {unknown}
Books
 o - a book of Necromancy

   Spells                             Type                      Level
   a - Pain                           Necromancy                   1
   b - Animate Skeleton               Necromancy                   1
   c - Vampiric Draining              Necromancy                   3
   d - Regeneration                   Charms/Necromancy            3
   e - Animate Dead                   Necromancy                   4
   f - Control Undead                 Necromancy                   4
Comestibles
 a - 4 meat rations
 d - 3 royal jellies


   Skills:
 + Level 4.7 Fighting
 + Level 10.0 Dodging
 + Level 10.7 Stealth
 + Level 11.7 Unarmed Combat
 + Level 2.8 Spellcasting
 + Level 1.9 Charms
 + Level 2.9 Necromancy
 + Level 1.8 Evocations


You had one spell level left.
You knew the following spells:

 Your Spells              Type           Power        Failure   Level  Hunger
a - Animate Skeleton      Necr           N/A          7%          1    #......
b - Pain                  Necr           #...         7%          1    #......
c - Regeneration          Chrm/Necr      #.........   26%         3    ###....
d - Vampiric Draining     Necr           #.........   22%         3    ###....
e - Animate Dead          Necr           N/A          56%         4    #####..


Dungeon Overview and Level Annotations

Branches:
Dungeon (9/15)             Temple (1/1) D:7
   Lair: D:8-11         Orc: D:9-12

Altars:
Ashenzari
Cheibriados
Dithmenos
Elyvilon
Fedhas
Gozag
Hepliaklqana
Kikubaaqudgha
Makhleb
Nemelex Xobeh
Okawaru
Qazlal
Ru
Sif Muna
Trog
Uskayaw
Vehumet
Xom
Yredelemnul
Zin
The Shining One

Shops:
D:6 :

Annotations:
D:9 Atash's ghost, novice MiBe


Innate Abilities, Weirdness & Mutations

You cannot wear armour.
You are incapable of wielding weapons or throwing items.
Your paws allow you to move quietly. (Stealth)
You have sharp claws.
You have razor-sharp teeth.
You have supernaturally acute eyesight. (SInv)
You are carnivorous and can eat meat at any time.
You cover ground quickly.
You are covered in thick fur. (AC +2)
You have a slow metabolism.
Your sharp claws are effective at attacking unaware monsters.


Message History

Anything else - Cancel.
Gang up on whom?
Press: ? - help, Dir - move target cursor, f - two-headed ogre
Aim: a two-headed ogre, wielding a dire flail and a giant club Attack!
Your ogre zombie hits the two-headed ogre with an uncursed giant club!
You claw the two-headed ogre!
The two-headed ogre is heavily wounded.
The two-headed ogre hits you with a dire flail!!
Ouch! That really hurt!
The two-headed ogre misses you.
Your ogre zombie hits the two-headed ogre with an uncursed giant club!
The two-headed ogre hits you with a dire flail.
The two-headed ogre misses you.
Your ogre zombie barely misses the two-headed ogre.
You scratch the two-headed ogre.
The two-headed ogre is severely wounded.
The two-headed ogre hits you with a dire flail!!
Ouch! That really hurt!
You die...

#.....?<.######........ ,
#####.....................
#.................#...#...
#.................#%..#...
#.................#...# ..
, #####.............# .#
######...#.........# ,, ,
........[..........# , *
...#8..8O@.......######
..##...Z.#.......)()).#
.##......##........(..#
##....###.##........# ,
###### #.##........# *,
⌠...S..⌠#.##........# *
#.._.._..#.##..).....# #
'⌠......⌠+..)........# #.
#........#..##########


You could see a two-headed ogre, a water moccasin and a friendly ogre zombie.

Vanquished Creatures
  A centaur warrior (D:8)
  The ghost of Irenicus the Martial Artist, a novice OpCK of Xom (D:7)
  A deep elf archer (D:9)
  Pikel (D:8)
  A polar bear (D:8)
  A troll (D:9)
  The ghost of Irenicus the Insei, an amateur OpCK of Xom (D:4)
  2 hippogriffs (D:8)
  2 yaks
  The ghost of Mlkhall the Bolt Thrower, an amateur KoAM of Makhleb (D:3)
  A soldier ant (D:8)
  A water moccasin (D:8)
  Duvessa (D:5)
  3 orc warriors
  A sky beast (D:6)
  A necrophage (D:8)
  4 ice beasts
  2 ogres
  2 wolves (D:8)
  3 centaurs
  A big kobold (D:8)
  3 bullfrogs (D:8)
  Dowan (D:5)
  3 scorpions
  A killer bee (D:9)
  A howler monkey (D:5)
  A centaur zombie (D:8)
  4 crimson imps
  A quasit (D:8)
  A jelly (D:9)
  8 orc wizards
  4 orc priests
  A centaur skeleton (D:8)
  A gnoll shaman (D:7)
  2 hounds
  A bullfrog skeleton (D:6)
  5 iguanas
  5 worker ants
  A centaur simulacrum (D:8)
  A hound skeleton (D:7)
  10 gnolls
  12 adders
  2 shadow imps
  4 white imps (D:8)
  3 ufetubi (D:8)
  An ooze (D:7)
  3 dart slugs
  3 leopard geckos
  20 orcs
  6 giant cockroaches
  5 goblins
  6 hobgoblins
  7 jackals
  4 quokkas
  A ball python (D:3)
  5 bats
  6 frilled lizards
  9 kobolds
  2 leopard gecko zombies (D:6)
  5 rats (D:1)
191 creatures vanquished.

Vanquished Creatures (collateral kills)
  An orc priest (D:9)
  2 orcs (D:9)
3 creatures vanquished.

Vanquished Creatures (others)
  2 slaves (D:8)
  An orc priest (D:8)
3 creatures vanquished.

Grand Total: 197 creatures vanquished

Notes
Turn   | Place    | Note
-------+----------+-------------------------------------------
     0 | D:1      | Lorak the Felid Monk began the quest for the Orb.
     0 | D:1      | Reached XP level 1. HP: 10/10 MP: 2/2
    97 | D:1      | Reached XP level 2. HP: 11/14 MP: 3/3
   531 | D:1      | Reached XP level 3. HP: 17/17 MP: 4/4
   812 | D:2      | Reached XP level 4. HP: 10/21 MP: 5/5
  1067 | D:2      | Reached skill level 4 in Unarmed Combat
  1453 | D:3      | Noticed Mlkhall's ghost (amateur KoAM)
  1496 | D:3      | HP: 1/46 [Mlkhall's ghost (2)]
  1499 | D:3      | Killed Mlkhall's ghost
  1499 | D:3      | Reached skill level 5 in Dodging
  1499 | D:3      | Reached XP level 5. HP: 1/24 MP: 6/6
  2324 | D:4      | Reached skill level 5 in Unarmed Combat
  2367 | D:4      | Noticed Irenicus's ghost (amateur OpCK)
  2388 | D:4      | Killed Irenicus's ghost
  2388 | D:4      | Reached skill level 5 in Stealth
  2388 | D:4      | Gained mutation: You are covered in thick fur. (AC +2) [Felid growth]
  2388 | D:4      | Reached XP level 6. HP: 27/28 MP: 7/7
  2836 | D:4      | Reached skill level 6 in Unarmed Combat
  3153 | D:4      | Reached XP level 7. HP: 21/31 MP: 8/8
  3491 | D:5      | Entered Level 5 of the Dungeon
  4287 | D:5      | Noticed Dowan
  4381 | D:5      | Noticed Duvessa
  4388 | D:5      | Killed Duvessa
  4388 | D:5      | Reached skill level 7 in Unarmed Combat
  4405 | D:5      | Killed Dowan
  4786 | D:6      | Found Fulotuat's Book Shop.
  4886 | D:6      | Reached XP level 8. HP: 23/36 MP: 9/9
  5397 | D:6      | Reached skill level 8 in Unarmed Combat
  5789 | D:7      | Noticed Irenicus's ghost (novice OpCK)
  5807 | D:7      | Killed Irenicus's ghost
  5807 | D:7      | Reached skill level 9 in Unarmed Combat
  6338 | D:7      | Reached XP level 9. HP: 39/39 MP: 10/10
  6511 | D:7      | Mangled by an orc warrior
  6512 | D:7      | Reached XP level 8. HP: -9/36 MP: 18/18
  6688 | D:7      | Necromancy
  6688 | D:7      | Charms
  6690 | D:7      | Learned a level 1 spell: Animate Skeleton
  6692 | D:7      | Learned a level 1 spell: Pain
  6696 | D:7      | Learned a level 3 spell: Regeneration
  6709 | D:7      | Found a staircase to the Ecumenical Temple.
  6722 | Temple   | Entered the Ecumenical Temple
  6887 | Temple   | Became a worshipper of Ashenzari the Shackled
  6887 | Temple   | Reached * piety under Ashenzari
  6887 | Temple   | Reached ** piety under Ashenzari
  7523 | D:8      | Reached skill level 10 in Unarmed Combat
  7714 | D:8      | Noticed a death yak
  7771 | D:8      | Learned a level 3 spell: Vampiric Draining
  7782 | D:8      | Noticed a centaur warrior
  7783 | D:8      | Reached XP level 9. HP: 39/39 MP: 11/11
  7797 | D:8      | Reached skill level 1 in Spellcasting
  7862 | D:8      | Reached skill level 1 in Necromancy
  8019 | D:8      | Reached skill level 1 in Charms
  8229 | D:8      | Noticed Pikel
  8253 | D:8      | Killed Pikel
  8253 | D:8      | Reached skill level 10 in Stealth
  8370 | D:8      | Reached skill level 11 in Unarmed Combat
  8406 | D:8      | Noticed a polar bear
  8414 | D:8      | Killed a polar bear
  8527 | D:8      | Killed a centaur warrior
  8527 | D:8      | Reached XP level 10. HP: 32/43 MP: 14/14
  8771 | D:9      | Noticed a two-headed ogre
  8800 | D:9      | Noticed a deep elf archer
  8800 | D:9      | Noticed a deep troll earth mage
  8839 | D:8      | Reached skill level 1 in Evocations
  8969 | D:9      | Killed from afar by a deep troll earth mage
  8970 | D:9      | Reached XP level 9. HP: -7/39 MP: 22/22
  9039 | D:8      | Learned a level 4 spell: Animate Dead
  9121 | D:9      | Noticed Atash's ghost (novice MiBe)
  9169 | D:9      | Slain by a killer bee
  9170 | D:9      | Reached XP level 8. HP: -2/36 MP: 17/21
  9182 | D:9      | Noticed a troll
  9189 | D:9      | Killed a troll
  9244 | D:9      | Killed a deep elf archer
  9244 | D:9      | Reached skill level 10 in Dodging
  9244 | D:9      | Reached XP level 9. HP: 39/39 MP: 14/14
  9278 | D:9      | Found a glowing golden altar of the Shining One.
  9280 | D:9      | Noticed a centaur warrior
  9283 | D:9      | Found an iron altar of Okawaru.
  9299 | D:9      | Mangled by a two-headed ogre

Skill      XL: |  1  2  3  4  5  6  7  8  9 10 |
---------------+-------------------------------+-----
Stealth        | 3 4 5 6 9 10 | 10.7
Unarmed Combat | 4 5 6 7 10 11 | 11.7
Dodging        | 5 6 10 9 | 10.0
Fighting       | 4 |  4.7
Spellcasting   | 2 |  2.8
Necromancy     | 2 |  2.9
Charms         | 1 |  1.9
Evocations     | 1 |  1.8

Action                   |  1- 3 |  4- 6 |  7- 9 | 10-12 || total
-------------------------+-------+-------+-------+-------++-------
Melee: Unarmed           |   119 |   118 |   504 |    50 ||   791
       Bite              |    10 |     8 |    47 |     7 ||    72
       Punch             |     5 |     5 |    17 |     7 ||    34
 Cast: Pain              |       |       |    17 |       ||    17
       Regeneration      |       |       |     8 |     2 ||    10
       Animate Dead      |       |       |     1 |       ||     1
Invok: Curse Item        |       |       |     1 |       ||     1
Evoke: Wand              |       |       |     7 |     7 ||    14
  Use: Scroll            |     4 |     4 |    11 |     1 ||    20
       Potion            |     1 |     7 |     6 |     2 ||    16
 Stab: Sleeping          |     8 |     2 |    17 |       ||    27
       Distracted        |       |     2 |     6 |       ||     8
       Invisible         |       |       |     5 |       ||     5
  Eat: Chunk             |     4 |     4 |    28 |     2 ||    38
Armor: Skin              |     5 |    23 |    21 |       ||    49
Dodge: Dodged            |    78 |    69 |   455 |    78 ||   680
